Kings vs Devils
Created - December 18, 2017 at 19:16
Goals
|
Kings |
1 |
3 |
4 |
8 |
Devils |
0 |
1 |
1 |
2 |
|
Shots
|
Kings |
7 |
10 |
18 |
35 |
Devils |
10 |
7 |
8 |
25 |
|
1st period
1. Kings , Jason Pominville 12 (Tyler Toffoli 1, Radko Gudas 5) at 17:23
Penalties :
Dan Boyle (NJD) for Slashing (Minor) at 14:11
2nd period
2. Kings , Frans Nielsen 15 (Drew Doughty 30, Kyle Clifford 2) at 5:05
3. Kings , Marcus Nilson 7 (Rob Schremp 5, Cam Fowler 6) at 10:44
4. Devils , Jordan Eberle 8 (Matt Duchene 21, Ted Purcell 13) at 11:57
5. Kings , Patric Hornqvist 16 (Frans Nielsen 9, Johnny Gaudreau 17) at 19:54
Penalties :
Tyler Cuma (NJD) for Roughing (Minor) at 0:03, Ryan Whitney (NJD) for Interference (Minor) at 8:25, Robyn Regehr (NJD) for Hooking (Minor) at 16:38
3rd period
6. Kings , Anze Kopitar 24 (Johnny Gaudreau 18, Colton Parayko 2) at 1:19
7. Kings , Chris Mcallister 7 (Shane O'Brien 8, Rob Schremp 6) at 9:30
8. Devils , Jordan Eberle 9 (Matt Duchene 22, Tyler Cuma 17) at 9:47
9. Kings , Patric Hornqvist 17 (Drew Doughty 31, Anze Kopitar 22) at 10:25
10. Kings , Patric Hornqvist 18 (Randy Jones 6) at 17:18
Penalties :
Radko Gudas (LAK) for Hooking (Minor) at 4:14, Dan Boyle (NJD) for Hooking (Minor) at 14:07
Goalie Stats
Jonathan Quick (LAK), 23 saves from 25 shots - (0.920), W, 13-6-3, 60:00 minutes
Cam Ward (NJD), 14 saves from 18 shots - (0.778), 20:06 minutes
James Reimer (NJD), 13 saves from 17 shots - (0.765), L, 10-6-0, 39:54 minutes
Players Stats for Kings
Player Name G A P +/- PIM S H SB GA TA FO MP PP MP PK MP
------------------------------------------------------------------------------------
Anze Kopitar 1 1 2 1 0 2 1 0 1 1 12/28 21:20 5:17 1:01
Cam Fowler 0 1 1 4 0 2 2 1 0 0 0/0 16:51 4:27 0:43
Cam Janssen 0 0 0 1 0 0 2 0 0 0 0/0 8:05 0:17 0:00
Chris Mcallister 1 0 1 1 0 2 3 0 0 1 0/0 10:10 1:14 0:59
Colton Parayko 0 1 1 2 0 1 1 2 0 1 0/0 20:05 0:04 0:24
Drew Doughty 0 2 2 2 0 3 0 0 0 0 0/0 26:45 5:28 1:07
Frans Nielsen 1 1 2 4 0 3 2 0 3 0 9/15 19:11 3:55 0:33
Jason Pominville 1 0 1 1 0 2 2 0 0 1 1/1 20:52 5:28 0:00
Johnny Gaudreau 0 2 2 1 0 1 0 0 0 0 1/1 20:50 5:04 0:52
Kyle Clifford 0 1 1 4 0 3 1 0 0 0 2/2 18:12 3:54 0:00
Marcus Nilson 1 0 1 0 0 1 0 2 0 1 1/1 11:10 0:16 0:00
Patric Hornqvist 3 0 3 4 0 7 4 1 0 0 0/1 18:52 4:38 0:00
Radko Gudas 0 1 1 0 2 1 2 1 0 0 0/0 16:39 0:00 0:00
Randy Jones 0 1 1 3 0 2 0 0 0 0 0/0 11:52 0:00 0:52
Rob Schremp 0 2 2 1 0 2 0 0 1 1 1/3 9:18 1:43 0:00
Shane O'Brien 0 1 1 1 0 1 0 2 1 0 0/0 22:15 4:27 0:52
Tobias Rieder 0 0 0 0 0 0 2 1 0 0 0/0 14:06 3:23 0:00
Tyler Toffoli 0 1 1 0 0 2 2 0 0 0 3/5 11:27 0:00 0:33
Players Stats for Devils
Player Name G A P +/- PIM S H SB GA TA FO MP PP MP PK MP
------------------------------------------------------------------------------------
Adam Pardy 0 0 0 -1 0 1 1 1 0 0 0/0 17:08 0:00 5:47
Anthony Stewart 0 0 0 -1 0 1 0 0 0 0 0/1 8:30 0:01 0:00
Brandon Bollig 0 0 0 -1 0 0 1 0 0 0 0/0 7:55 0:00 0:00
Dan Boyle 0 0 0 -1 4 1 1 0 0 0 0/0 15:10 0:40 1:20
Darroll Powe 0 0 0 0 0 0 3 1 0 1 4/14 14:46 0:01 4:56
Erik Christensen 0 0 0 -3 0 1 1 0 0 0 10/14 14:35 0:56 0:48
J.T. Miller 0 0 0 -3 0 0 1 1 1 0 0/0 16:37 1:02 2:23
Jordan Eberle 2 0 2 -2 0 7 2 1 0 0 0/2 20:46 1:02 2:27
Kellan Lain 0 0 0 0 0 0 1 0 0 0 0/0 10:07 0:01 0:08
Martin St. Louis 0 0 0 -3 0 2 1 0 0 0 1/2 18:44 0:56 4:57
Matt Duchene 0 2 2 -2 0 0 1 0 0 0 11/21 19:47 1:02 1:23
Mike Komisarek 0 0 0 0 0 3 2 1 0 1 0/0 26:29 0:40 5:15
Peter Prucha 0 0 0 0 0 4 0 1 0 0 0/0 9:31 0:00 0:00
Robyn Regehr 0 0 0 -5 2 1 1 5 0 1 0/0 19:53 0:00 3:43
Ryan Whitney 0 0 0 -4 2 1 1 1 0 0 0/0 15:52 1:19 0:00
Steve Ott 0 0 0 -1 0 0 2 0 0 0 1/3 10:52 0:00 2:48
Ted Purcell 0 1 1 -2 0 2 1 0 2 1 0/0 18:13 0:56 0:00
Tyler Cuma 0 1 1 -1 2 1 2 2 3 2 0/0 25:05 1:19 3:45
3 Stars
1 - Patric Hornqvist (LAK)
2 - Frans Nielsen (LAK)
3 - Anze Kopitar (LAK)
Power Play
Kings - 0 on 5 Attempt(s) - 0.00%
Devils - 0 on 1 Attempt(s) - 0.00%
Penalty Kill
Kings - 1 on 1 Attempt(s) - 100.00%
- Score 0 goal in Penalty Kill
Devils - 5 on 5 Attempt(s) - 100.00%
- Score 0 goal in Penalty Kill
Team Stat
Kings - Hits : 24 - Faceoff Wins : 30 - Blocked Shots : 10 - Penalty Minutes : 2
Devils - Hits : 22 - Faceoff Wins : 27 - Blocked Shots : 14 - Penalty Minutes : 10
Official
Referees : Hasenfratz Mike and Rehman Kyle
Linesman : Ryan Galloway and Derek Nansen
Game Notes
Cam Ward enters game at 19:54 of 2nd period
Patric Hornqvist has scored a Hat Trick!
Finance
Level 1 -- Attendance: 5644 (94.07%) -- Ticket Income $507,960
Level 2 -- Attendance: 4508 (90.16%) -- Ticket Income $256,956
Level 3 -- Attendance: 1807 (90.35%) -- Ticket Income $59,631
Level 4 -- Attendance: 3780 (94.50%) -- Ticket Income $94,500
Luxury Box -- Attendance: 1000 (100.00%) -- Ticket Income $155,000
Game was played at the The prudential Center.
Total Attendance: 16739 (92.99%)
Total Ticket Income: $1,074,047
Other Income: $161,107
Total Income: $1,235,154
Kings
5 vs 5 Forward
Center Left Wing Right Wing Time % Phy DF OF
1 Frans Nielsen Kyle Clifford Patric Hornqvist 40 1 3 1
2 Anze Kopitar Johnny Gaudreau Jason Pominville 40 1 3 1
3 Tyler Toffoli Marcus Nilson Tobias Rieder 15 1 3 1
4 Rob Schremp Chris Mcallister Cam Janssen 5 1 3 1
5 vs 5 Defense
Defense Defense Time % Phy DF OF
1 Drew Doughty Colton Parayko 40 0 3 2
2 Radko Gudas Shane O'Brien 35 0 3 2
3 Cam Fowler Randy Jones 25 1 3 1
4 Drew Doughty Shane O'Brien 0 1 3 1
PowerPlay Forward
Center Left Wing Right Wing Time % Phy DF OF
1 Anze Kopitar Johnny Gaudreau Patric Hornqvist 60 1 1 3
2 Frans Nielsen Kyle Clifford Tobias Rieder 40 1 1 3
PowerPlay Defense
Defense Defense Time % Phy DF OF
1 Drew Doughty Jason Pominville 60 0 2 3
2 Cam Fowler Shane O'Brien 40 1 3 1
Penalty Kill 4 Players Forward
Center Wing Time % Phy DF OF
1 Anze Kopitar Chris Mcallister 60 1 3 1
2 Frans Nielsen Jason Pominville 40 1 3 1
Penalty Kill 4 Players Defense
Defense Defense Time % Phy DF OF
1 Randy Jones Shane O'Brien 60 1 4 0
2 Radko Gudas Drew Doughty 40 1 4 0
Penalty Kill - 3 Players Forward
Forward Time % Phy DF OF
1 Anze Kopitar 60 1 3 1
2 Jason Pominville 40 1 3 1
Penalty Kill - 3 Players Defense
Defense Defense Time % Phy DF OF
1 Drew Doughty Shane O'Brien 60 1 4 0
2 Radko Gudas Randy Jones 40 1 4 0
4 vs 4 Forward
Center Wing Time % Phy DF OF
1 Anze Kopitar Patric Hornqvist 60 1 2 2
2 Jason Pominville Frans Nielsen 40 1 2 2
4 vs 4 Defense
Defense Defense Time % Phy DF OF
1 Drew Doughty Shane O'Brien 60 1 2 2
2 Cam Fowler Randy Jones 40 1 2 2
Last Minutes Offensive
Center Left Wing Right Wing Defense Defense
Anze Kopitar Johnny Gaudreau Patric Hornqvist Drew Doughty Shane O'Brien
Last Minutes Defensive
Center Left Wing Right Wing Defense Defense
Anze Kopitar Chris Mcallister Jason Pominville Drew Doughty Shane O'Brien
Goaltenders
Starting : Jonathan Quick
Backup : Mike Brodeur
Extra Forwards
Normal : Anze Kopitar, Jason Pominville, Patric Hornqvist - PP : Rob Schremp, Chris Mcallister - PK : Frans Nielsen
Extra Defensemen
Normal : Cam Fowler, Colton Parayko, Radko Gudas - PP : Randy Jones - PK : Cam Fowler, Colton Parayko
Penalty Shots
Anze Kopitar, Rob Schremp, Patric Hornqvist, Marcus Nilson, Frans Nielsen
Scratches
Dominic Moore (Healthy), Steve Downie (Healthy)
Devils
5 vs 5 Forward
Center Left Wing Right Wing Time % Phy DF OF
1 Matt Duchene Ted Purcell Jordan Eberle 40 0 2 3
2 Erik Christensen J.T. Miller Martin St. Louis 30 0 2 3
3 Darroll Powe Kellan Lain Peter Prucha 20 0 2 3
4 Steve Ott Brandon Bollig Anthony Stewart 10 1 2 2
5 vs 5 Defense
Defense Defense Time % Phy DF OF
1 Tyler Cuma Mike Komisarek 40 1 2 2
2 Ryan Whitney Robyn Regehr 30 1 2 2
3 Dan Boyle Adam Pardy 20 1 2 2
4 Mike Komisarek Dan Boyle 10 1 2 2
PowerPlay Forward
Center Left Wing Right Wing Time % Phy DF OF
1 Matt Duchene J.T. Miller Jordan Eberle 60 1 2 2
2 Erik Christensen Ted Purcell Martin St. Louis 40 1 2 2
PowerPlay Defense
Defense Defense Time % Phy DF OF
1 Tyler Cuma Ryan Whitney 60 1 2 2
2 Mike Komisarek Dan Boyle 40 1 2 2
Penalty Kill 4 Players Forward
Center Wing Time % Phy DF OF
1 Darroll Powe Martin St. Louis 60 1 2 2
2 Steve Ott Jordan Eberle 40 1 2 2
Penalty Kill 4 Players Defense
Defense Defense Time % Phy DF OF
1 Adam Pardy Mike Komisarek 60 1 2 2
2 Tyler Cuma Robyn Regehr 40 1 2 2
Penalty Kill - 3 Players Forward
Forward Time % Phy DF OF
1 Jordan Eberle 60 1 2 2
2 Martin St. Louis 40 1 2 2
Penalty Kill - 3 Players Defense
Defense Defense Time % Phy DF OF
1 Adam Pardy Mike Komisarek 60 1 2 2
2 Ryan Whitney Robyn Regehr 40 1 2 2
4 vs 4 Forward
Center Wing Time % Phy DF OF
1 Erik Christensen Martin St. Louis 60 1 2 2
2 Matt Duchene Jordan Eberle 40 1 2 2
4 vs 4 Defense
Defense Defense Time % Phy DF OF
1 Robyn Regehr Mike Komisarek 60 1 2 2
2 Ryan Whitney Tyler Cuma 40 1 2 2
Last Minutes Offensive
Center Left Wing Right Wing Defense Defense
Matt Duchene Ted Purcell Jordan Eberle Ryan Whitney Tyler Cuma
Last Minutes Defensive
Center Left Wing Right Wing Defense Defense
Matt Duchene Ted Purcell Jordan Eberle Adam Pardy Mike Komisarek
Goaltenders
Starting : James Reimer
Backup : Cam Ward
Extra Forwards
Normal : J.T. Miller, Erik Christensen, Darroll Powe - PP : Martin St. Louis, Erik Christensen - PK : Darroll Powe
Extra Defensemen
Normal : Tyler Cuma, Adam Pardy, Dan Boyle - PP : Tyler Cuma - PK : Adam Pardy, Tyler Cuma
Penalty Shots
Jordan Eberle, Ted Purcell, Peter Prucha, Matt Duchene, Martin St. Louis
Scratches
Jonathan Toews (Back Surgery Injury), Kyle Cumiskey (Healthy)
% Time on Ice - Kings
Lines # - Real PCT - Wanted PCT - Time Play
Normal Forward
1 - 31% - 40% - 14:58
2 - 31% - 40% - 15:04
3 - 23% - 15% - 10:54
4 - 15% - 5% - 7:10
Normal Defense
1 - 42% - 40% - 20:04
2 - 35% - 35% - 17:02
3 - 23% - 25% - 11:00
4 - 0% - 0% - 0:00
PP Forward
1 - 58% - 60% - 5:44
2 - 42% - 40% - 4:11
PP Defense
1 - 55% - 60% - 5:28
2 - 45% - 40% - 4:27
PK Forward
1 - 100% - 60% - 1:59
2 - 0% - 40% - 0:00
PK Defense
1 - 44% - 60% - 0:52
2 - 56% - 40% - 1:07
PK3 Forward
1 - 0% - 60%
2 - 0% - 40%
PK3 Defense
1 - 0% - 60%
2 - 0% - 40%
44 Forward
1 - 0% - 60%
2 - 0% - 40%
44 Defense
1 - 0% - 60%
2 - 0% - 40%
Last Minute Offensive - 0:00
Last Minute Defensive - 0:00
Total
Forward - 60:00
Defense - 60:00
|
% Time on Ice - Devils
Lines # - Real PCT - Wanted PCT - Time Play
Normal Forward
1 - 37% - 40% - 17:49
2 - 27% - 30% - 12:51
3 - 20% - 20% - 9:31
4 - 16% - 10% - 7:55
Normal Defense
1 - 39% - 40% - 18:49
2 - 35% - 30% - 16:53
3 - 21% - 20% - 10:01
4 - 5% - 10% - 2:23
PP Forward
1 - 53% - 60% - 1:03
2 - 47% - 40% - 0:56
PP Defense
1 - 66% - 60% - 1:19
2 - 34% - 40% - 0:40
PK Forward
1 - 74% - 60% - 7:21
2 - 26% - 40% - 2:34
PK Defense
1 - 46% - 60% - 4:35
2 - 54% - 40% - 5:20
PK3 Forward
1 - 0% - 60%
2 - 0% - 40%
PK3 Defense
1 - 0% - 60%
2 - 0% - 40%
44 Forward
1 - 0% - 60%
2 - 0% - 40%
44 Defense
1 - 0% - 60%
2 - 0% - 40%
Last Minute Offensive - 0:00
Last Minute Defensive - 0:00
Total
Forward - 60:00
Defense - 60:00
|
Play by Play
1st period
0:01 of 1st period - Frans Nielsen wins face-off versus Matt Duchene in neutral zone.
0:08 of 1st period - Tyler Cuma is hit by Colton Parayko and loses puck.
1:47 of 1st period - Backhand shot by Jordan Eberle.
1:47 of 1st period - Stopped by Jonathan Quick without a rebound.
1:48 of 1st period - Frans Nielsen wins face-off versus Erik Christensen in Kings zone.
1:55 of 1st period - Wrist shot by Erik Christensen.
1:55 of 1st period - Deflect By Martin St. Louis.
1:55 of 1st period - Shot Misses the Net.
1:55 of 1st period - Puck is out of play.
1:56 of 1st period - Martin St. Louis wins face-off versus Frans Nielsen in Kings zone.
2:21 of 1st period - Dan Boyle is hit by Cam Janssen and loses puck.
2:51 of 1st period - Drew Doughty is hit by Dan Boyle.
4:07 of 1st period - Brandon Bollig is hit by Tobias Rieder and loses puck.
5:30 of 1st period - Drew Doughty is hit by Matt Duchene and loses puck.
5:43 of 1st period - Mike Komisarek is hit by Radko Gudas and loses puck.
6:02 of 1st period - Shane O'Brien is hit by Brandon Bollig.
6:32 of 1st period - J.T. Miller is hit by Cam Janssen and loses puck.
7:11 of 1st period - Shane O'Brien is hit by Kellan Lain.
7:48 of 1st period - Frans Nielsen is hit by Erik Christensen and loses puck.
7:55 of 1st period - Backhand shot by Martin St. Louis.
7:55 of 1st period - Stopped by Jonathan Quick without a rebound.
7:56 of 1st period - Erik Christensen wins face-off versus Patric Hornqvist in Kings zone.
9:07 of 1st period - Wrist shot by Anthony Stewart.
9:07 of 1st period - Stopped by Jonathan Quick with a rebound.
9:58 of 1st period - Snap shot by Anze Kopitar.
9:58 of 1st period - Stopped by James Reimer with a rebound.
10:00 of 1st period - Snap shot by Jason Pominville.
10:00 of 1st period - Shot Blocked by Mike Komisarek.
11:37 of 1st period - Ryan Whitney is hit by Tobias Rieder and loses puck.
11:44 of 1st period - Shane O'Brien is hit by Ted Purcell and loses puck.
11:57 of 1st period - Snap shot by Ted Purcell.
11:57 of 1st period - Shot Misses the Net.
12:03 of 1st period - Wrist shot by Matt Duchene.
12:03 of 1st period - Shot Misses the Net.
12:05 of 1st period - Snap shot by Ted Purcell.
12:05 of 1st period - Shot Misses the Net.
12:07 of 1st period - Slapshot by Ryan Whitney.
12:07 of 1st period - Shot Blocked by Radko Gudas.
12:09 of 1st period - Snap shot by Matt Duchene.
12:09 of 1st period - Shot Misses the Net.
12:11 of 1st period - Wrist shot by Ted Purcell.
12:11 of 1st period - Shot Blocked by Tobias Rieder.
12:30 of 1st period - Randy Jones is hit by Jordan Eberle and loses puck.
12:46 of 1st period - Dan Boyle is hit by Tyler Toffoli and loses puck.
12:53 of 1st period - Snap shot by Tyler Toffoli.
12:53 of 1st period - Stopped by James Reimer with a rebound.
12:59 of 1st period - Cam Fowler is hit by Robyn Regehr and loses puck.
13:10 of 1st period - Snap shot by Jordan Eberle.
13:10 of 1st period - Stopped by Jonathan Quick with a rebound.
13:36 of 1st period - Slapshot by Marcus Nilson.
13:36 of 1st period - Shot Misses the Net.
13:38 of 1st period - Slapshot by Randy Jones.
13:38 of 1st period - Shot Misses the Net.
13:40 of 1st period - Snap shot by Tobias Rieder.
13:40 of 1st period - Shot Misses the Net.
13:48 of 1st period - Wrist shot by Tyler Toffoli.
13:48 of 1st period - Shot Blocked by Jordan Eberle.
13:50 of 1st period - Slapshot by Cam Fowler.
13:50 of 1st period - Stopped by James Reimer without a rebound.
13:51 of 1st period - Erik Christensen wins face-off versus Frans Nielsen in Devils zone.
13:56 of 1st period - Slapshot by Mike Komisarek.
13:56 of 1st period - Shot Misses the Net.
14:06 of 1st period - Wrist shot by Patric Hornqvist.
14:06 of 1st period - Stopped by James Reimer without a rebound.
14:07 of 1st period - Anze Kopitar wins face-off versus Darroll Powe in Devils zone.
14:11 of 1st period - Minor Penalty to Dan Boyle for Slashing.
14:12 of 1st period - Johnny Gaudreau wins face-off versus Darroll Powe in Devils zone.
16:11 of 1st period - Penalty to Dan Boyle is over, Dan Boyle is back on ice.
16:12 of 1st period - Cam Fowler is hit by Steve Ott and loses puck.
16:25 of 1st period - Slapshot by Ryan Whitney.
16:25 of 1st period - Deflect By Chris Mcallister.
16:25 of 1st period - Stopped by Jonathan Quick without a rebound.
16:26 of 1st period - Steve Ott wins face-off versus Rob Schremp in Kings zone.
16:37 of 1st period - Slapshot by Steve Ott.
16:37 of 1st period - Shot Misses the Net.
17:21 of 1st period - Snap shot by Tyler Toffoli.
17:21 of 1st period - Stopped by James Reimer with a rebound.
17:23 of 1st period - Slapshot by Jason Pominville.
17:23 of 1st period - Goal by Jason Pominville - Kings : 1 - Devils : 0.
17:24 of 1st period - Anze Kopitar wins face-off versus Erik Christensen in neutral zone.
17:39 of 1st period - Snap shot by Johnny Gaudreau.
17:39 of 1st period - Shot Hit the Post.
17:50 of 1st period - Icing by Drew Doughty.
17:51 of 1st period - Matt Duchene wins face-off versus Frans Nielsen in Kings zone.
18:02 of 1st period - Wrist shot by Matt Duchene.
18:02 of 1st period - Shot Misses the Net.
18:04 of 1st period - Slapshot by Robyn Regehr.
18:04 of 1st period - Stopped by Jonathan Quick with a rebound.
18:06 of 1st period - Slapshot by Matt Duchene.
18:06 of 1st period - Deflect By Jordan Eberle.
18:06 of 1st period - Shot Misses the Net.
18:06 of 1st period - Puck is out of play.
18:07 of 1st period - Erik Christensen wins face-off versus Anze Kopitar in Kings zone.
18:14 of 1st period - Wrist shot by Erik Christensen.
18:14 of 1st period - Stopped by Jonathan Quick with a rebound.
18:16 of 1st period - Slapshot by Mike Komisarek.
18:16 of 1st period - Deflect By Shane O'Brien.
18:16 of 1st period - Stopped by Jonathan Quick with a rebound.
18:18 of 1st period - Slapshot by Martin St. Louis.
18:18 of 1st period - Shot Misses the Net.
18:41 of 1st period - Wrist shot by Peter Prucha.
18:41 of 1st period - Shot Misses the Net.
19:01 of 1st period - Snap shot by Ted Purcell.
19:01 of 1st period - Stopped by Jonathan Quick with a rebound.
19:34 of 1st period - Slapshot by Peter Prucha.
19:34 of 1st period - Stopped by Jonathan Quick without a rebound.
19:35 of 1st period - Frans Nielsen wins face-off versus Darroll Powe in Kings zone.
19:44 of 1st period - Backhand shot by Kyle Clifford.
19:44 of 1st period - Shot Blocked by Peter Prucha.
19:48 of 1st period - Snap shot by Patric Hornqvist.
19:48 of 1st period - Stopped by James Reimer without a rebound.
19:49 of 1st period - Erik Christensen wins face-off versus Anze Kopitar in Devils zone.
Goals for this period are 1 for Kings vs 0 for Devils.
Shots for this period are 7 for Kings vs 10 for Devils.
2nd period
0:01 of 2nd period - Erik Christensen wins face-off versus Frans Nielsen in neutral zone.
0:03 of 2nd period - Minor Penalty to Tyler Cuma for Roughing.
0:04 of 2nd period - Anze Kopitar wins face-off versus Darroll Powe in Devils zone.
0:12 of 2nd period - Slapshot by Patric Hornqvist.
0:12 of 2nd period - Shot Blocked by Adam Pardy.
2:03 of 2nd period - Penalty to Tyler Cuma is over, Tyler Cuma is back on ice.
2:13 of 2nd period - Rob Schremp is hit by Tyler Cuma and loses puck.
2:42 of 2nd period - Wrist shot by Matt Duchene.
2:42 of 2nd period - Shot Misses the Net.
3:27 of 2nd period - Snap shot by Peter Prucha.
3:27 of 2nd period - Stopped by Jonathan Quick without a rebound.
3:28 of 2nd period - Marcus Nilson wins face-off versus Matt Duchene in Kings zone.
3:39 of 2nd period - Dan Boyle is hit by Radko Gudas and loses puck.
3:53 of 2nd period - Off-side.
3:54 of 2nd period - Frans Nielsen wins face-off versus Erik Christensen in neutral zone.
3:59 of 2nd period - Snap shot by Patric Hornqvist.
3:59 of 2nd period - Stopped by James Reimer with a rebound.
4:01 of 2nd period - Slapshot by Patric Hornqvist.
4:01 of 2nd period - Shot Misses the Net.
4:03 of 2nd period - Slapshot by Patric Hornqvist.
4:03 of 2nd period - Shot Blocked by Tyler Cuma.
4:05 of 2nd period - Slapshot by Randy Jones.
4:05 of 2nd period - Deflect By Erik Christensen.
4:05 of 2nd period - Stopped by James Reimer with a rebound.
4:07 of 2nd period - Slapshot by Frans Nielsen.
4:07 of 2nd period - Stopped by James Reimer with a rebound.
4:19 of 2nd period - Tyler Cuma is hit by Frans Nielsen and loses puck.
4:38 of 2nd period - Kyle Clifford is hit by Tyler Cuma and loses puck.
4:45 of 2nd period - J.T. Miller is hit by Patric Hornqvist and loses puck.
5:05 of 2nd period - Slapshot by Frans Nielsen.
5:05 of 2nd period - Goal by Frans Nielsen - Kings : 2 - Devils : 0.
5:06 of 2nd period - Anze Kopitar wins face-off versus Matt Duchene in neutral zone.
5:21 of 2nd period - Snap shot by Jordan Eberle.
5:21 of 2nd period - Stopped by Jonathan Quick with a rebound.
5:23 of 2nd period - Slapshot by Jordan Eberle.
5:23 of 2nd period - Shot Misses the Net.
7:32 of 2nd period - Slapshot by Jason Pominville.
7:32 of 2nd period - Shot Misses the Net.
7:38 of 2nd period - Dan Boyle is hit by Anze Kopitar and loses puck.
7:57 of 2nd period - Slapshot by Mike Komisarek.
7:57 of 2nd period - Stopped by Jonathan Quick without a rebound.
7:58 of 2nd period - Anze Kopitar wins face-off versus Jordan Eberle in Kings zone.
8:23 of 2nd period - J.T. Miller is hit by Patric Hornqvist and loses puck.
8:25 of 2nd period - Minor Penalty to Ryan Whitney for Interference.
8:26 of 2nd period - Darroll Powe wins face-off versus Anze Kopitar in Devils zone.
8:41 of 2nd period - Robyn Regehr is hit by Jason Pominville and loses puck.
9:22 of 2nd period - Adam Pardy is hit by Cam Fowler and loses puck.
10:25 of 2nd period - Penalty to Ryan Whitney is over, Ryan Whitney is back on ice.
10:44 of 2nd period - Snap shot by Marcus Nilson.
10:44 of 2nd period - Goal by Marcus Nilson - Kings : 3 - Devils : 0.
10:45 of 2nd period - Matt Duchene wins face-off versus Anze Kopitar in neutral zone.
11:10 of 2nd period - J.T. Miller is hit by Patric Hornqvist and loses puck.
11:29 of 2nd period - Slapshot by Robyn Regehr.
11:29 of 2nd period - Shot Blocked by Marcus Nilson.
11:35 of 2nd period - Backhand shot by Darroll Powe.
11:35 of 2nd period - Shot Misses the Net.
11:57 of 2nd period - Slapshot by Jordan Eberle.
11:57 of 2nd period - Goal by Jordan Eberle - Kings : 3 - Devils : 1.
11:58 of 2nd period - Matt Duchene wins face-off versus Anze Kopitar in neutral zone.
12:00 of 2nd period - Off-side.
12:01 of 2nd period - Matt Duchene wins face-off versus Anze Kopitar in neutral zone.
12:32 of 2nd period - Mike Komisarek is hit by Kyle Clifford and loses puck.
12:59 of 2nd period - Wrist shot by Matt Duchene.
12:59 of 2nd period - Shot Blocked by Colton Parayko.
13:01 of 2nd period - Slapshot by Mike Komisarek.
13:01 of 2nd period - Shot Blocked by Marcus Nilson.
13:03 of 2nd period - Slapshot by Mike Komisarek.
13:03 of 2nd period - Shot Misses the Net.
13:05 of 2nd period - Slapshot by Tyler Cuma.
13:05 of 2nd period - Stopped by Jonathan Quick without a rebound.
13:06 of 2nd period - Erik Christensen wins face-off versus Anze Kopitar in Kings zone.
13:12 of 2nd period - Off-side.
13:13 of 2nd period - Erik Christensen wins face-off versus Anze Kopitar in neutral zone.
13:36 of 2nd period - Snap shot by Johnny Gaudreau.
13:36 of 2nd period - Stopped by James Reimer with a rebound.
13:45 of 2nd period - Off-side.
13:46 of 2nd period - Frans Nielsen wins face-off versus Darroll Powe in neutral zone.
13:52 of 2nd period - Icing by Tyler Cuma.
13:53 of 2nd period - Kyle Clifford wins face-off versus Darroll Powe in Devils zone.
13:56 of 2nd period - Wrist shot by Frans Nielsen.
13:56 of 2nd period - Shot Blocked by Tyler Cuma.
14:07 of 2nd period - Kyle Clifford is hit by Mike Komisarek and loses puck.
14:18 of 2nd period - Slapshot by Patric Hornqvist.
14:18 of 2nd period - Shot Misses the Net.
14:26 of 2nd period - Wrist shot by Johnny Gaudreau.
14:26 of 2nd period - Shot Misses the Net.
15:29 of 2nd period - Slapshot by Patric Hornqvist.
15:29 of 2nd period - Stopped by James Reimer without a rebound.
15:30 of 2nd period - Frans Nielsen wins face-off versus Jordan Eberle in Devils zone.
15:35 of 2nd period - Slapshot by Drew Doughty.
15:35 of 2nd period - Stopped by James Reimer with a rebound.
15:57 of 2nd period - Snap shot by Ted Purcell.
15:57 of 2nd period - Stopped by Jonathan Quick with a rebound.
16:38 of 2nd period - Minor Penalty to Robyn Regehr for Hooking.
16:39 of 2nd period - Darroll Powe wins face-off versus Anze Kopitar in Devils zone.
18:38 of 2nd period - Penalty to Robyn Regehr is over, Robyn Regehr is back on ice.
18:40 of 2nd period - Icing by J.T. Miller.
18:41 of 2nd period - Frans Nielsen wins face-off versus Anthony Stewart in Devils zone.
18:52 of 2nd period - Wrist shot by Chris Mcallister.
18:52 of 2nd period - Stopped by James Reimer without a rebound.
18:53 of 2nd period - Rob Schremp wins face-off versus Darroll Powe in Devils zone.
19:23 of 2nd period - Wrist shot by Matt Duchene.
19:23 of 2nd period - Deflect By Jordan Eberle.
19:23 of 2nd period - Shot Blocked by Shane O'Brien.
19:23 of 2nd period - Puck is out of play.
19:24 of 2nd period - Erik Christensen wins face-off versus Anze Kopitar in Kings zone.
19:25 of 2nd period - Snap shot by Martin St. Louis.
19:25 of 2nd period - Stopped by Jonathan Quick without a rebound.
19:26 of 2nd period - Anze Kopitar wins face-off versus Martin St. Louis in Kings zone.
19:26 of 2nd period - Anze Kopitar is hit by J.T. Miller.
19:32 of 2nd period - Wrist shot by Martin St. Louis.
19:32 of 2nd period - Shot Misses the Net.
19:54 of 2nd period - Wrist shot by Patric Hornqvist.
19:54 of 2nd period - Goal by Patric Hornqvist - Kings : 4 - Devils : 1.
19:54 of 2nd period - Cam Ward enters game.
19:55 of 2nd period - Matt Duchene wins face-off versus Anze Kopitar in neutral zone.
Goals for this period are 3 for Kings vs 1 for Devils.
Shots for this period are 10 for Kings vs 7 for Devils.
3rd period
0:01 of 3rd period - Erik Christensen wins face-off versus Anze Kopitar in neutral zone.
0:26 of 3rd period - Colton Parayko is hit by Jordan Eberle and loses puck.
0:57 of 3rd period - Slapshot by Chris Mcallister.
0:57 of 3rd period - Shot Blocked by Darroll Powe.
0:59 of 3rd period - Slapshot by Randy Jones.
0:59 of 3rd period - Shot Blocked by Robyn Regehr.
1:01 of 3rd period - Slapshot by Randy Jones.
1:01 of 3rd period - Shot Blocked by Robyn Regehr.
1:13 of 3rd period - Wrist shot by Anze Kopitar.
1:13 of 3rd period - Shot Blocked by Robyn Regehr.
1:15 of 3rd period - Slapshot by Colton Parayko.
1:15 of 3rd period - Stopped by Cam Ward with a rebound.
1:17 of 3rd period - Wrist shot by Johnny Gaudreau.
1:17 of 3rd period - Shot Misses the Net.
1:19 of 3rd period - Wrist shot by Anze Kopitar.
1:19 of 3rd period - Goal by Anze Kopitar - Kings : 5 - Devils : 1.
1:20 of 3rd period - Matt Duchene wins face-off versus Anze Kopitar in neutral zone.
1:23 of 3rd period - Wrist shot by Jordan Eberle.
1:23 of 3rd period - Stopped by Jonathan Quick with a rebound.
1:31 of 3rd period - Snap shot by Jordan Eberle.
1:31 of 3rd period - Shot Misses the Net.
1:33 of 3rd period - Snap shot by Dan Boyle.
1:33 of 3rd period - Stopped by Jonathan Quick with a rebound.
1:47 of 3rd period - Erik Christensen is hit by Patric Hornqvist and loses puck.
2:03 of 3rd period - Icing by Drew Doughty.
2:04 of 3rd period - Darroll Powe wins face-off versus Tyler Toffoli in Kings zone.
2:07 of 3rd period - Wrist shot by Darroll Powe.
2:07 of 3rd period - Deflect By Kellan Lain.
2:07 of 3rd period - Shot Misses the Net.
2:07 of 3rd period - Puck is out of play.
2:08 of 3rd period - Tyler Toffoli wins face-off versus Darroll Powe in Kings zone.
2:19 of 3rd period - Wrist shot by Tyler Toffoli.
2:19 of 3rd period - Shot Misses the Net.
2:42 of 3rd period - Wrist shot by Jason Pominville.
2:42 of 3rd period - Shot Blocked by Ryan Whitney.
2:51 of 3rd period - Icing by Matt Duchene.
2:52 of 3rd period - Matt Duchene wins face-off versus Frans Nielsen in Devils zone.
3:04 of 3rd period - Slapshot by Kyle Clifford.
3:04 of 3rd period - Shot Misses the Net.
3:06 of 3rd period - Slapshot by Kyle Clifford.
3:06 of 3rd period - Stopped by Cam Ward with a rebound.
3:08 of 3rd period - Snap shot by Kyle Clifford.
3:08 of 3rd period - Stopped by Cam Ward with a rebound.
3:26 of 3rd period - Snap shot by Jason Pominville.
3:26 of 3rd period - Stopped by Cam Ward without a rebound.
3:27 of 3rd period - Matt Duchene wins face-off versus Frans Nielsen in Devils zone.
3:42 of 3rd period - Snap shot by Matt Duchene.
3:42 of 3rd period - Shot Misses the Net.
3:56 of 3rd period - Anze Kopitar is hit by Darroll Powe.
4:08 of 3rd period - Slapshot by Peter Prucha.
4:08 of 3rd period - Stopped by Jonathan Quick with a rebound.
4:14 of 3rd period - Minor Penalty to Radko Gudas for Hooking.
4:15 of 3rd period - Anze Kopitar wins face-off versus Matt Duchene in Kings zone.
4:15 of 3rd period - Anze Kopitar is hit by Ryan Whitney.
5:27 of 3rd period - Ted Purcell is hit by Frans Nielsen and loses puck.
6:14 of 3rd period - Penalty to Radko Gudas is over, Radko Gudas is back on ice.
6:25 of 3rd period - Radko Gudas is hit by Darroll Powe and loses puck.
6:55 of 3rd period - Snap shot by Cam Fowler.
6:55 of 3rd period - Stopped by Cam Ward with a rebound.
6:57 of 3rd period - Slapshot by Randy Jones.
6:57 of 3rd period - Stopped by Cam Ward with a rebound.
6:59 of 3rd period - Snap shot by Kyle Clifford.
6:59 of 3rd period - Stopped by Cam Ward with a rebound.
7:48 of 3rd period - Peter Prucha is hit by Chris Mcallister and loses puck.
8:39 of 3rd period - Off-side.
8:40 of 3rd period - Erik Christensen wins face-off versus Rob Schremp in neutral zone.
8:49 of 3rd period - Snap shot by Erik Christensen.
8:49 of 3rd period - Shot Blocked by Shane O'Brien.
8:57 of 3rd period - Robyn Regehr is hit by Chris Mcallister and loses puck.
9:02 of 3rd period - Wrist shot by Rob Schremp.
9:02 of 3rd period - Stopped by Cam Ward with a rebound.
9:04 of 3rd period - Slapshot by Cam Janssen.
9:04 of 3rd period - Shot Misses the Net.
9:06 of 3rd period - Slapshot by Shane O'Brien.
9:06 of 3rd period - Stopped by Cam Ward with a rebound.
9:08 of 3rd period - Slapshot by Shane O'Brien.
9:08 of 3rd period - Shot Blocked by J.T. Miller.
9:10 of 3rd period - Slapshot by Shane O'Brien.
9:10 of 3rd period - Shot Blocked by Robyn Regehr.
9:12 of 3rd period - Snap shot by Cam Janssen.
9:12 of 3rd period - Shot Misses the Net.
9:14 of 3rd period - Slapshot by Radko Gudas.
9:14 of 3rd period - Stopped by Cam Ward with a rebound.
9:26 of 3rd period - Snap shot by Rob Schremp.
9:26 of 3rd period - Stopped by Cam Ward with a rebound.
9:28 of 3rd period - Snap shot by Shane O'Brien.
9:28 of 3rd period - Shot Blocked by Robyn Regehr.
9:30 of 3rd period - Wrist shot by Chris Mcallister.
9:30 of 3rd period - Goal by Chris Mcallister - Kings : 6 - Devils : 1.
9:31 of 3rd period - Anze Kopitar wins face-off versus Matt Duchene in neutral zone.
9:43 of 3rd period - Snap shot by Jordan Eberle.
9:43 of 3rd period - Stopped by Jonathan Quick with a rebound.
9:47 of 3rd period - Slapshot by Jordan Eberle.
9:47 of 3rd period - Deflect By Jason Pominville.
9:47 of 3rd period - Goal by Jordan Eberle - Kings : 6 - Devils : 2.
9:48 of 3rd period - Matt Duchene wins face-off versus Anze Kopitar in neutral zone.
10:25 of 3rd period - Slapshot by Patric Hornqvist.
10:25 of 3rd period - Goal by Patric Hornqvist - Kings : 7 - Devils : 2.
10:26 of 3rd period - Anze Kopitar wins face-off versus Matt Duchene in neutral zone.
10:39 of 3rd period - Wrist shot by Jason Pominville.
10:39 of 3rd period - Shot Misses the Net.
10:41 of 3rd period - Slapshot by Drew Doughty.
10:41 of 3rd period - Stopped by Cam Ward with a rebound.
11:17 of 3rd period - Tyler Toffoli is hit by Steve Ott and loses puck.
11:30 of 3rd period - Snap shot by Drew Doughty.
11:30 of 3rd period - Stopped by Cam Ward without a rebound.
11:31 of 3rd period - Anze Kopitar wins face-off versus Matt Duchene in Devils zone.
11:58 of 3rd period - Wrist shot by J.T. Miller.
11:58 of 3rd period - Shot Blocked by Cam Fowler.
12:20 of 3rd period - Shane O'Brien is hit by Darroll Powe and loses puck.
12:54 of 3rd period - Icing by Anthony Stewart.
12:55 of 3rd period - Anze Kopitar wins face-off versus Steve Ott in Devils zone.
13:20 of 3rd period - Slapshot by Steve Ott.
13:20 of 3rd period - Shot Hit the Post.
13:50 of 3rd period - Snap shot by Brandon Bollig.
13:50 of 3rd period - Shot Blocked by Patric Hornqvist.
13:52 of 3rd period - Slapshot by Mike Komisarek.
13:52 of 3rd period - Stopped by Jonathan Quick without a rebound.
13:53 of 3rd period - Matt Duchene wins face-off versus Anze Kopitar in Kings zone.
14:07 of 3rd period - Minor Penalty to Dan Boyle for Hooking.
14:08 of 3rd period - Darroll Powe wins face-off versus Anze Kopitar in Devils zone.
14:25 of 3rd period - Jason Pominville is hit by Adam Pardy and loses puck.
14:52 of 3rd period - Steve Ott is hit by Jason Pominville and loses puck.
16:07 of 3rd period - Penalty to Dan Boyle is over, Dan Boyle is back on ice.
16:19 of 3rd period - Matt Duchene is hit by Chris Mcallister and loses puck.
16:27 of 3rd period - Icing by Robyn Regehr.
16:28 of 3rd period - Matt Duchene wins face-off versus Tyler Toffoli in Devils zone.
16:28 of 3rd period - Matt Duchene is hit by Tyler Toffoli.
16:31 of 3rd period - Icing by Tyler Cuma.
16:32 of 3rd period - Tyler Toffoli wins face-off versus Steve Ott in Devils zone.
17:18 of 3rd period - Wrist shot by Patric Hornqvist.
17:18 of 3rd period - Goal by Patric Hornqvist - Kings : 8 - Devils : 2.
17:19 of 3rd period - Frans Nielsen wins face-off versus Matt Duchene in neutral zone.
17:26 of 3rd period - Snap shot by Frans Nielsen.
17:26 of 3rd period - Stopped by Cam Ward without a rebound.
17:27 of 3rd period - Kyle Clifford wins face-off versus Matt Duchene in Devils zone.
17:58 of 3rd period - Snap shot by Erik Christensen.
17:58 of 3rd period - Deflect By Martin St. Louis.
17:58 of 3rd period - Shot Blocked by Colton Parayko.
17:58 of 3rd period - Puck is out of play.
17:59 of 3rd period - Jason Pominville wins face-off versus Erik Christensen in Kings zone.
17:59 of 3rd period - Jason Pominville is hit by Martin St. Louis.
18:24 of 3rd period - Jordan Eberle is hit by Cam Fowler and loses puck.
18:49 of 3rd period - Slapshot by Peter Prucha.
18:49 of 3rd period - Stopped by Jonathan Quick without a rebound.
18:50 of 3rd period - Anze Kopitar wins face-off versus Darroll Powe in Kings zone.
19:24 of 3rd period - Icing by Adam Pardy.
19:25 of 3rd period - Tyler Toffoli wins face-off versus Darroll Powe in Devils zone.
19:53 of 3rd period - Slapshot by Adam Pardy.
19:53 of 3rd period - Stopped by Jonathan Quick without a rebound.
19:54 of 3rd period - Frans Nielsen wins face-off versus Matt Duchene in Kings zone.
19:54 of 3rd period - Frans Nielsen is hit by Mike Komisarek.
Goals for this period are 4 for Kings vs 1 for Devils.
Shots for this period are 18 for Kings vs 8 for Devils.
Back to the Top